 Dungeon Crawl Stone Soup version 0.29-a0-289-g2178c42546 (webtiles) character file.

Game seed: 13630243793742747571

18657 Dabor the Basher (level 12, -1/157 (159) HPs)
             Began as a Troll Fighter on Mar 17, 2022.
             Was a High Priest of Jiyva.
             Slain by a tentacled starspawn (2 damage)
             ... on level 5 of the Abyss.
             The game lasted 00:25:17 (9278 turns).

Dabor the Basher (Troll Fighter)                    Turns: 9278, Time: 00:25:18

HP:   -1/157 (159)  AC:  8    Str: 31      XL:     12   Next: 29%
MP:   11/11         EV: 13    Int:  4      God:    Jiyva [*****.]
Gold: 525           SH: 10    Dex: 14 (15) Spells: 11/11 levels left

rFire   + . .      SeeInvis +   l - +7 mace "Areoga" {vamp, *Corrode Dex+6}
rCold   . . .      Faith    .   c - +0 kite shield
rNeg    . . .      Spirit   .   C - +2 robe {rF+}
rPois   .          Reflect  .   B - +1 hat
rElec   .          Harm     .   x - +0 cloak
rCorr   +          Rampage  .   (gloves unavailable)
Will    .....                   (boots unavailable)
Stlth   +.........              (no amulet)
HPRegen 1.44/turn               j - ring of see invisible
MPRegen 0.57/turn               o - +4 ring of slaying

@: attractive, sick, lightly drained
A: large, unfitting armour, claws 3, regeneration 1, shaggy fur 1, tough skin 1,
sense surroundings 3, robust 3, gelatinous body 1, pseudopods 1, jelly sensing
items
a: Renounce Religion, Oozemancy, Slimify


You were on level 5 of the Abyss.
You worshipped Jiyva.
Jiyva was extremely pleased with you.
You visited 2 branches of the dungeon, and saw 13 of its levels.
You visited the Abyss 1 time.

You collected 679 gold pieces.
You spent 154 gold pieces at shops.

Inventory:

Hand Weapons
 a - a +1 spectral flail
 l - the +7 mace "Areoga" (weapon) {vamp, *Corrode Dex+6}
   (You found it on level 3 of the Dungeon)

   It occasionally heals its wielder for a portion of the damage dealt when it
   wounds a living foe.
   Dex:       It affects your dexterity (+6).
   *Corrode:  It may corrode you when you take damage.
 u - a +2 war axe of venom
Missiles
 k - a throwing net (quivered)
Armour
 c - a +0 kite shield (worn)
 r - +0 steam dragon scales
 x - a +0 cloak (worn)
 B - a +1 hat (worn)
 C - a +2 robe of fire resistance (worn)
Jewellery
 j - a ring of see invisible (left claw)
 o - a +4 ring of slaying (right claw)
 z - a ring of flight
Wands
 n - a wand of flame (8)
 y - a wand of polymorph (12)
 F - a wand of iceblast (7)
 G - a wand of paralysis (4)
Scrolls
 f - 2 scrolls of fog
 h - a scroll of magic mapping
 m - a scroll of enchant armour
 p - 5 scrolls of identify
 q - a scroll of enchant weapon
 A - 2 scrolls of teleportation
 H - a scroll of noise
Potions
 b - 2 potions of brilliance {unknown}
 d - a potion of might
 e - a potion of attraction
 g - 3 potions of curing
 s - 2 potions of invisibility {unknown}
 t - 2 potions of heal wounds {unknown}
 v - a potion of berserk rage {unknown}
 w - 3 potions of degeneration {unknown}
 D - a potion of mutation


   Skills:
 + Level 9.0 Fighting
 + Level 9.6 Maces & Flails
 * Level 2.0 Throwing
 + Level 9.0 Dodging
 + Level 9.0 Shields
 + Level 0.9 Evocations


You had 11 spell levels left.
You didn't know any spells.
Your spell library contained the following spells:

 Spells                   Type           Power      Damage    Failure   Level
 Shock                    Conj/Air       0%         1d3       73%         1
 Inner Flame              Hex/Fire       0%         N/A       97%         3
 Portal Projectile        Hex/Tloc       0%         N/A       97%         3
 Stone Arrow              Conj/Erth      0%         3d7       97%         3
 Swiftness                Air            0%         N/A       97%         3
 Airstrike                Air            0%         N/A       100%        4
 Animate Armour           Summ/Erth      0%         N/A       100%        4
 Cause Fear               Hex            0%         N/A       100%        4
 Blade Hands              Tmut           0%         N/A       100%        5
 Excruciating Wounds      Necr           0%         N/A       100%        5
 Fireball                 Conj/Fire      0%         3d3       100%        5
 Iskenderun's Battlesphe  Conj           0%         2d6       100%        5
 Conjure Ball Lightning   Conj/Air       0%         3x3d6     100%        6
 Orb of Destruction       Conj           0%         9d5       100%        7
 Discord                  Hex            0%         N/A       100%        8
 Lehudib's Crystal Spear  Conj/Erth      0%         10d2      100%        8


Dungeon Overview and Level Annotations

Branches:
Dungeon (12/15)            Temple (1/1) D:5            Lair (0/6) D:8
    Orc (0/2) D:12

Altars:
Ashenzari
Cheibriados
Dithmenos
Elyvilon
Fedhas
Gozag
Hepliaklqana
Kikubaaqudgha
Makhleb
Nemelex Xobeh
Okawaru
Qazlal
Ru
Sif Muna
Trog
Uskayaw
Vehumet
Wu Jian
Xom
Yredelemnul
Zin
The Shining One
Jiyva

Shops:
D:1 ?(   D:3 :   D:6 !*   D:9 *

Annotations:
D:12 Jorgrun, Sonja


Innate Abilities, Weirdness & Mutations

You are too large for most types of armour.
You have claws for hands.
Your natural rate of healing is unusually fast.
You are covered in fur. (AC +1)
You have tough skin. (AC +1)
You passively map a large area around you.
You are extremely robust. (+30% HP)
Your rubbery body absorbs attacks. (AC +1, EV +1)
Armour fits poorly on your pseudopods.
You have a small jelly attached to you that senses nearby items.


Message History

The white ugly thing basks in the mutagenic energy from its kin and changes!
A white very ugly thing comes into view.
The tentacled starspawn is attracted toward you.
The white very ugly thing is attracted toward you.
The thrashing horror is attracted toward you.
The white very ugly thing is attracted toward you.
The cyan ugly thing is attracted toward you.
The tentacled starspawn attacks as you move away!
The tentacled starspawn bites you. The tentacled starspawn misses you.
The white very ugly thing gurgles horribly!
You hear a shout!
You hear a loud, deep croak!
A thrashing horror comes into view.
The thrashing horror tramples you!
You hold your ground!
The thrashing horror closely misses you.
A white ugly thing comes into view.
An efreet comes into view.
It is wielding a +2 scimitar of flaming.
The white very ugly thing punches you!
The white very ugly thing freezes you!!!
* * * LOW HITPOINT WARNING * * *
The white very ugly thing is attracted toward you.
The cyan ugly thing is attracted toward you.
The crimson imp is attracted toward you.
The white ugly thing is attracted toward you.
The efreet is attracted toward you.
The thrashing horror is attracted toward you.
A crimson imp comes into view.
The tentacled starspawn attacks as you move away!
The tentacled starspawn bites you!!
* * * LOW HITPOINT WARNING * * *
You block the tentacled starspawn's attack.
The crimson imp shouts!
You hear a croak.
You block the thrashing horror's attack. x2
A white imp comes into view.
A white ugly thing comes into view.
The thrashing horror barely misses you. The thrashing horror tramples you.
* * * LOW HITPOINT WARNING * * *
You stumble backwards!
You block the white very ugly thing's attack.
The tentacled starspawn barely misses you.
The tentacled starspawn tentacle-slaps you.
You die...

≈≈5....
≈§≈..F§
.≈≈≈≈§§
......∩u.
#.≈5≈≈≈§☼≈
##X≈R§....≈
#.≈≈uu.....
#Xu≈≈.....
#@u≈≈≈≈≈≈§
#X....###
#.....#
###...# #§..#
#...#
#####...#####
#....#.......
#...w§.... ..


You could see 2 very ugly things, a tentacled starspawn, 3 ugly things, 2
thrashing horrors, an efreet (wandering), a blink frog and a crimson imp.

Vanquished Creatures
  A lorocyproca (Abyss:3)
  A rakshasa (Abyss:3)
  4 two-headed ogres
  A thrashing horror (Abyss:4)
  3 death yaks (D:8)
  Pikel (D:7)
  A cyclops (D:11)
  Maurice (D:8)
  Joseph (D:7)
  2 smoke demons
  2 komodo dragons
  Psyche (D:9)
  A silent spectre (Abyss:4)
  A troll (D:11)
  A hornet (D:9)
  3 blink frogs (Abyss:5)
  5 raiju
  2 shadows
  A spriggan (D:11)
  A wyvern (D:7)
  A wraith (D:11)
  29 yaks
  A neqoxec (Abyss:3)
  Eustachio (D:6)
  A large abomination (Abyss:3)
  3 steam dragons
  An acid dragon (D:12)
  2 water moccasins
  Duvessa (D:6)
  5 orc warriors
  3 black bears
  2 ice beasts
  2 sky beasts
  The ghost of demivan the Chopper, an amateur MiFi of Zin (D:3)
  5 ogres
  2 centaurs (D:9)
  3 bullfrogs
  A necrophage (D:4)
  5 wights (D:7)
  Dowan (D:6)
  8 killer bees
  4 electric eels (D:9)
  3 howler monkeys
  2 crimson imps (Abyss:5)
  A quasit (Abyss:3)
  5 orc priests
  Crazy Yiuf (D:3)
  2 hounds
  A gnoll shaman (D:9)
  Ijyb (D:3)
  3 iguanas
  10 orc wizards
  7 gnolls
  9 adders
  3 white imps
  5 dart slugs
  A worm (D:4)
  22 orcs
  4 bats
  4 giant cockroaches
  12 goblins
  2 hobgoblins
  2 jackals (D:1)
  8 kobolds
  4 quokkas
  7 ball pythons
  3 frilled lizards
  9 rats
247 creatures vanquished.

Vanquished Creatures (collateral kills)
  A boulder beetle (D:11)
  2 two-headed ogres (D:10)
  Lodul (D:10)
  2 ancient zymes (Abyss:5)
  An ogre (D:10)
  An orc (D:10)
8 creatures vanquished.

Vanquished Creatures (others)
  A great orb of eyes (Abyss:4)
  A kobold demonologist (Abyss:5)
  A golden eye (Abyss:5)
  A small abomination (Abyss:4)
  A boggart (Abyss:5)
  A phantom (D:6)
  2 killer bees (D:9)
  2 howler monkeys
  15 jellies
  A hound (D:6)
  An iguana (D:6)
  A dart slug (D:1)
  2 orcs (D:10)
  3 ball pythons (D:2)
  A giant cockroach (D:2)
  A goblin (D:2)
  4 jackals (D:1)
  3 bats
  A kobold (D:2)
  A rat (D:1)
  A lurking horror (Abyss:5)
  31 plants
  11 starspawn tentacles
87 creatures vanquished.

Grand Total: 342 creatures vanquished

Notes
Turn   | Place    | Note
-------+----------+-------------------------------------------
     0 | D:1      | Dabor the Troll Fighter began the quest for the Orb.
     0 | D:1      | Reached XP level 1. HP: 22/22 MP: 0/0
   139 | D:1      | Found a faded altar of an unknown god.
   159 | D:1      | Prayed at the altar of an unknown god.
   159 | D:1      | Became a worshipper of Jiyva Jufalaa the Shapeless
   159 | D:1      | Reached * piety under Jiyva
   177 | D:1      | Found Feibamar's Weapon Shop.
   186 | D:1      | Reached XP level 2. HP: 29/29 MP: 1/1
   201 | D:1      | Found Idyc's Magic Scroll Shoppe.
   549 | D:1      | Reached ** piety under Jiyva
   925 | D:2      | Reached XP level 3. HP: 33/36 MP: 2/2
  1386 | D:2      | Reached *** piety under Jiyva
  1386 | D:2      | Gained mutation: Your rubbery body absorbs attacks. (AC +1,
                  | EV +1) [Jiyva's grace]
  1386 | D:2      | Gained mutation: Your pliable body absorbs attacks. (AC +2,
                  | EV +2) [Jiyva's grace]
  1386 | D:2      | Gained mutation: Your gelatinous body deflects attacks. (AC
                  | +3, EV +3) [Jiyva's grace]
  1386 | D:2      | Gained mutation: Your translucent skin slightly reduces
                  | your foes' accuracy. (Stealth+) [Jiyva's grace]
  1627 | D:3      | Identified the +7 mace "Areoga" {vamp, *Corrode Dex+6}
  1635 | D:3      | Found the +11 plutonium sword {Contam Stlth-}
  1681 | D:3      | Reached XP level 4. HP: 44/44 MP: 3/3
  1720 | D:3      | Found Anitwaag's Book Shoppe.
  1830 | D:3      | Reached XP level 5. HP: 53/53 MP: 4/4
  1890 | D:3      | Found a sparkling altar of Nemelex Xobeh.
  1973 | D:3      | You fall into a shaft and drop 2 floors!
  1973 | D:5      | Entered Level 5 of the Dungeon
  1997 | D:4      | Reached **** piety under Jiyva
  2056 | D:3      | Found a runed translucent door.
  2057 | D:3      | Noticed Crazy Yiuf
  2069 | D:3      | Killed Crazy Yiuf
  2105 | D:3      | Noticed Ijyb
  2110 | D:3      | Killed Ijyb
  2215 | D:3      | Found a runed translucent door.
  2228 | D:3      | Noticed an ogre
  2233 | D:3      | Killed an ogre
  2234 | D:3      | Reached XP level 6. HP: 61/61 MP: 5/5
  2294 | D:3      | Noticed demivan's ghost (amateur MiFi)
  2307 | D:3      | Killed demivan's ghost
  2486 | D:4      | Found a glowing silver altar of Zin.
  2571 | D:4      | Noticed a steam dragon
  2583 | D:4      | Killed a steam dragon
  2584 | D:4      | Reached XP level 7. HP: 70/70 MP: 6/6
  2923 | D:5      | Found a staircase to the Ecumenical Temple.
  2973 | D:5      | Reached ***** piety under Jiyva
  3250 | D:5      | Lost mutation: Your gelatinous body deflects attacks. (AC
                  | +3, EV +3) [Jiyva's grace]
  3250 | D:5      | Gained mutation: You are partially covered in iridescent
                  | scales. (AC +2) [Jiyva's grace]
  3250 | D:5      | Gained mutation: You are mostly covered in iridescent
                  | scales. (AC +4) [Jiyva's grace]
  3250 | D:5      | Gained mutation: You are completely covered in iridescent
                  | scales. (AC +6) [Jiyva's grace]
  3250 | D:5      | Gained mutation: Armour fits poorly on your pseudopods.
                  | [Jiyva's grace]
  3572 | D:6      | Found Peopni's Distillery.
  3634 | Temple   | Entered the Ecumenical Temple
  4124 | D:6      | Reached XP level 8. HP: 79/79 MP: 7/7
  4192 | D:6      | Noticed Eustachio
  4212 | D:6      | Killed Eustachio
  4245 | D:6      | Noticed Duvessa
  4246 | D:6      | Noticed Dowan
  4256 | D:6      | Killed Duvessa
  4269 | D:6      | Reached skill level 5 in Fighting
  4269 | D:6      | Reached skill level 5 in Maces & Flails
  4269 | D:6      | Reached skill level 5 in Dodging
  4269 | D:6      | Reached skill level 5 in Shields
  4289 | D:6      | Killed Dowan
  4307 | D:6      | Found an iron altar of Okawaru.
  4364 | D:6      | Found Behis's General Store.
  4387 | D:6      | Bought a potion of curing for 42 gold pieces
  4387 | D:6      | Bought a potion of mutation for 112 gold pieces
  4502 | D:6      | Found a broken altar of Ashenzari.
  4729 | D:7      | Reached XP level 9. HP: 88/88 MP: 8/8
  4741 | D:7      | Found a glowing golden altar of the Shining One.
  4757 | D:7      | Noticed Joseph
  4765 | D:7      | Killed Joseph
  5038 | D:7      | Found a sacrificial altar of Ru.
  5164 | D:7      | Found an opulent altar of Gozag.
  5232 | D:7      | Noticed Pikel
  5240 | D:7      | Killed Pikel
  5406 | D:8      | Noticed a death yak
  5406 | D:8      | Found a staircase to the Lair.
  5407 | D:8      | Noticed a death yak
  5407 | D:8      | Noticed a death yak
  5417 | D:8      | Killed a death yak
  5418 | D:8      | Reached XP level 10. HP: 86/100 MP: 9/9
  5421 | D:8      | Killed a death yak
  5439 | D:8      | Killed a death yak
  5522 | D:8      | Noticed Maurice
  5547 | D:8      | Killed Maurice
  5672 | D:8      | Reached XP level 11. HP: 100/109 MP: 10/10
  5802 | D:8      | Lost mutation: You are completely covered in iridescent
                  | scales. (AC +6) [Jiyva's grace]
  5802 | D:8      | Lost mutation: You are mostly covered in iridescent scales.
                  | (AC +4) [Jiyva's grace]
  5802 | D:8      | Lost mutation: Your pliable body absorbs attacks. (AC +2,
                  | EV +2) [Jiyva's grace]
  5802 | D:8      | Lost mutation: Your translucent skin slightly reduces your
                  | foes' accuracy. (Stealth+) [Jiyva's grace]
  5802 | D:8      | Gained mutation: You passively map a small area around you.
                  | [Jiyva's grace]
  5802 | D:8      | Gained mutation: You passively map the area around you.
                  | [Jiyva's grace]
  5802 | D:8      | Gained mutation: You passively map a large area around you.
                  | [Jiyva's grace]
  5802 | D:8      | Gained mutation: You are strong-willed. (Will+) [Jiyva's
                  | grace]
  6090 | D:9      | Found Addar's General Store.
  6113 | D:9      | Noticed a two-headed ogre
  6132 | D:9      | Killed a two-headed ogre
  6278 | D:9      | Noticed Psyche
  6327 | D:9      | Killed Psyche
  6385 | D:9      | Found a bloodstained altar of Trog.
  6450 | D:9      | Noticed a two-headed ogre
  6460 | D:9      | Killed a two-headed ogre
  7017 | D:10     | Entered Level 10 of the Dungeon
  7351 | D:10     | Noticed a two-headed ogre
  7351 | D:10     | Noticed a two-headed ogre
  7351 | D:10     | Noticed a two-headed ogre
  7353 | D:10     | Noticed a two-headed ogre
  7401 | D:10     | Killed a two-headed ogre
  7403 | D:10     | Killed a two-headed ogre
  7405 | D:10     | Killed a two-headed ogre
  7445 | D:10     | Found a burning altar of Makhleb.
  7478 | D:10     | Noticed Lodul
  7479 | D:10     | Found an ornate altar of the Wu Jian Council.
  7486 | D:10     | Killed Lodul
  7487 | D:10     | Reached XP level 12. HP: 122/122 MP: 11/11
  7504 | D:10     | Lost mutation: You are partially covered in iridescent
                  | scales. (AC +2) [Jiyva's grace]
  7504 | D:10     | Lost mutation: You are strong-willed. (Will+) [Jiyva's
                  | grace]
  7504 | D:10     | Gained mutation: You have a small jelly attached to you
                  | that senses nearby items. [Jiyva's grace]
  7504 | D:10     | Gained mutation: You are robust. (+10% HP) [Jiyva's grace]
  7504 | D:10     | Gained mutation: You are very robust. (+20% HP) [Jiyva's
                  | grace]
  7504 | D:10     | Gained mutation: You are extremely robust. (+30% HP)
                  | [Jiyva's grace]
  7539 | D:10     | Killed a two-headed ogre
  8030 | D:11     | Noticed a boulder beetle
  8040 | D:11     | Killed a boulder beetle
  8062 | D:11     | Reached skill level 1 in Throwing
  8163 | D:11     | Reached ****** piety under Jiyva
  8634 | D:12     | Noticed Jorgrun
  8634 | D:12     | Noticed Sonja
  8645 | D:12     | Cast into level 1 of the Abyss (Sonja)
  8777 | Abyss:3  | Noticed a starcursed mass
  8789 | Abyss:3  | Found a corrupted altar of Lugonu.
  8798 | Abyss:3  | Noticed a rakshasa
  8799 | Abyss:3  | Noticed a lorocyproca
  8817 | Abyss:3  | Killed a lorocyproca
  8820 | Abyss:3  | Killed a rakshasa
  8867 | Abyss:3  | Noticed a lich
  8876 | Abyss:3  | Noticed a tentacled starspawn
  8911 | Abyss:3  | Noticed a starcursed mass
  9009 | Abyss:4  | Noticed a tentacled starspawn
  9145 | Abyss:4  | Killed a great orb of eyes
  9178 | Abyss:4  | Noticed a profane servitor
  9185 | Abyss:5  | Entered Level 5 of the Abyss
  9270 | Abyss:5  | Noticed a tentacled starspawn
  9274 | Abyss:5  | Noticed a white very ugly thing
  9276 | Abyss:5  | Noticed a white very ugly thing
  9278 | Abyss:5  | HP: 2/157 [tentacled starspawn (27)]
  9278 | Abyss:5  | Slain by a tentacled starspawn

Illustrated notes

Levels and vault maps discovered:
D:1:      tarquinn_simple_flora_water_d, layout_basic,
          hellmonk_ecumenical_altar_crossroads, serial_shops, shop, shop,
          patterned_corridor
D:2:      layout_loops_ring, minmay_rat_gold_closets
D:3:      layout_rooms, mainiacjoe_overflow_surrounded_room,
          ebering_ghost_reflecting_pool, serial_shops,
          nicolae_shop_advertising_works [nicolae_subvault_shop_adworks],
          nicolae_elevator_lobby_plus, uniq_ijyb, uniq_crazy_yiuf_cottage
D:4:      layout_rooms, amcnicky_altar_gilded, serial_glass, glass_columns_a,
          glass_columns_a, minivault_14, hangedman_abyss_or_decor_stagger,
          minmay_strange_pillars, grunt_ministairs_8
D:5:      layout_layer_cave, minmay_temple_entry_waves,
          eino_small_chamber_without_monster
D:6:      layout_cave_pools, mainiacjoe_overflow_tiny_flanked,
          kennysheep_okawaru_gauntlet, serial_shops, shop, kennysheep_mini,
          grunt_ministairs_14, amethyst_killhole, uniq_eustachio, uniq_duvessa
D:7:      layout_loops_ring, mainiacjoe_overflow_brackets,
          lemuel_coloured_pillars_altar, nicolae_overflow_crystal_walls,
          uniq_pikel, uniq_joseph
D:8:      layout_loops_cross, dpeg_lair_monsters, uniq_maurice
D:9:      layout_irregular_city, mainiacjoe_overflow_cross_hatched,
          serial_shops, nicolae_shop_statue_plus, serial_bayou_lake_a,
          uniq_psyche
D:10:     layout_small_grid, mainiacjoe_overflow_swirl, uniq_lodul
D:11:     layout_irregular_city, roderic_serpentine_path, the_hattery
D:12:     layout_basic, minmay_orc_entry_guard_dogs, minivault_21, uniq_jorgrun,
          uniq_snorg, uniq_sonja, uniq_kirke
Temple:   minmay_temple_forest_path
Abyss:5:  base: D:11, guppyfry_abyss_exit_imp_island, minivault_24, minivault_4,
          abyss_furniture_001, hangedman_summoners_spam,
          evilmike_nicolae_abyss_rune_containment_curve, lemuel_flamethrower_3

Skill      XL: |  1  2  3  4  5  6  7  8  9 10 11 12 |
---------------+-------------------------------------+-----
Maces & Flails | 2 3 4 5 6 8 9 |  9.6
Fighting       | 3 4 5 6 7 8 9 |  9.0
Dodging        | 3 4 5 6 7 8 9 |  9.0
Shields        | 3 4 5 6 7 8 9 |  9.0
Throwing       | 2 |  2.0
Evocations     | |  0.9

Action                   |  1- 3 |  4- 6 |  7- 9 | 10-12 || total
-------------------------+-------+-------+-------+-------++-------
Melee: Flail             |   119 |       |       |       ||   119
       Mace              |     6 |    68 |   150 |   406 ||   630
       Unarmed           |       |       |    27 |    14 ||    41
       Pseudopods        |       |       |    27 |    98 ||   125
Throw: Large rock        |       |       |       |    14 ||    14
       Throwing net      |       |       |       |     2 ||     2
Invok: Oozemancy         |       |       |     3 |     4 ||     7
Evoke: Wand              |       |     6 |     7 |     2 ||    15
  Use: Scroll            |       |     3 |     5 |     8 ||    16
       Potion            |       |       |       |     4 ||     4
 Stab: Sleeping          |     1 |     1 |     4 |       ||     6
       Distracted        |       |       |     1 |       ||     1
Armor: Robe              |    47 |    11 |    59 |   114 ||   231
Dodge: Dodged            |    56 |    40 |   124 |   268 ||   488
Block: Kite shield       |    37 |    37 |    66 |   267 ||   407

Table legend: (Time is in decaauts)
 A = Elapsed time spent in this place.
 B = Non-inter-level travel time spent in this place.
 C = Inter-level travel time spent in this place.
 D = Time resting spent in this place.
 E = Time spent auto-exploring this place.
 F = Levels seen in this place.
 G = Mean time per level.
                   A        B        C        D        E       F      G
               +--------+--------+--------+--------+--------+-----+--------+
         Total |   9468 |   8888 |    580 |    183 |   6084 |  18 |  526.0 |
       Dungeon |   8393 |   7855 |    538 |     27 |   5690 |  12 |  699.4 |
        Temple |    429 |    388 |     41 |      0 |    377 |   1 |  429.0 |
         Abyss |    645 |    645 |      0 |    156 |     17 |   5 |  129.0 |
               +--------+--------+--------+--------+--------+-----+--------+

Top non-repeatable levels by time:
     D:9: 1006 daAuts
     D:1: 946 daAuts
     D:5: 940 daAuts
    D:11: 911 daAuts
     D:2: 723 daAuts
     D:7: 723 daAuts
     D:3: 705 daAuts
    D:10: 683 daAuts
     D:8: 659 daAuts
     D:6: 605 daAuts
     D:4: 444 daAuts
  Temple: 429 daAuts
 Abyss:4: 256 daAuts
 Abyss:3: 212 daAuts
 Abyss:5: 93 daAuts
